Map: Lost and Found LE

Players

Yacc - Winner!

  • Race: Zerg Zerg
  • Spawn Location: 7:00

Twinter

  • Race: Zerg Zerg
  • League: Silver
  • Spawn Location: 1:00

VOD

Have the link to the VOD?

Description

Time

  • Played on: Sept. 20, 2018, 9:48 a.m.
  • Length: 10:45
Show
View Real Time Build Order
Export as new Build Order

Yacc Zerg - Winner!

Build Orders: Pool First 

Get SALT Encoding   

  12  0:01  Drone  
  13  0:08  Drone  
  14  0:32  Spawning Pool  
  14  0:33  Drone  
  14  0:37  Overlord  
  14  0:55  Drone x2  
  16  1:00  Drone  
  17  1:08  Drone  
  18  1:21  Hatchery  
  18  1:24  Drone  
  18  1:29  Queen  
  20  1:49  Roach Warren  
  20  1:52  Extractor  
  18  1:57  Drone, Evolution Chamber  
  18  1:58  Drone x2  
  20  2:16  Drone  
  21  2:24  Drone  
  22  2:32  Queen  
  24  2:46  Roach x2  
  28  2:55  Overlord  
  28  3:06  Overlord  
  28  3:11  Extractor  
  27  3:30  Drone x3  
  30  3:34  Drone  
  30  3:35  Drone  
  32  3:43  Drone x3  
  35  3:49  Lair  
  35  3:54  Zerg Missile Weapons Level 1  
  35  4:02  Overlord  
  35  4:09  Drone  
  36  4:15  Overlord x3  
  36  4:30  Overlord  
  36  4:34  Drone  
  36  4:35  Drone x2  
  39  4:46  Glial Reconstitution  
  39  4:56  Roach x3  
  39  4:57  Hydralisk Den  
  44  5:01  Evolution Chamber  
  44  5:03  Drone  
  44  5:04  Drone  
  45  5:11  Drone x6  
  45  5:12  Drone x3  
  54  5:15  Extractor  
  54  5:16  Overseer  
  54  5:17  Extractor  
  54  5:20  Drone  
  53  5:27  Drone  
  54  5:45  Drone x2  
  54  5:46  Drone x2  
  58  5:52  Hydralisk x4  
  58  5:53  Hydralisk x2  
  70  5:59  Zerg Missile Weapons Level 2  
  70  6:16  Drone  
  71  6:30  Hatchery  
  70  6:33  Queen  
  70  6:35  Hydralisk x2  
  70  6:39  Overlord  
  76  6:49  Overlord x3  
  76  7:01  Zerg Ground Armor Level 1  
  76  7:05  Grooved Spines  
  76  7:29  Hydralisk x4  
  70  7:30  Hydralisk x6  
  70  7:31  Hydralisk  
  84  7:53  Drone x2  
  84  7:57  Drone  
  81  8:16  Muscular Augments  
  81  8:17  Roach x4  
  83  8:27  Infestation Pit  
  83  8:31  Hydralisk x2  
  83  8:32  Roach x2, Hydralisk x3  
  83  8:33  Roach x2  
  100  8:42  Drone  
  100  8:43  Drone x5  
  100  8:46  Extractor  
  105  8:51  Extractor  
  105  8:55  Drone  
  105  8:57  Overlord x4  
  105  9:23  Drone  
  105  9:24  Drone x3  
  99  9:59  Hydralisk x5  
  97  10:00  Hydralisk x8  
  97  10:01  Hydralisk x8  
  137  10:22  Drone  
  137  10:23  Overlord  
  137  10:24  Overlord x2  
Show
View Real Time Build Order
Export as new Build Order

Twinter Zerg 

Build Orders: Pool First 

Get SALT Encoding   

  12  0:06  Drone  
  13  0:08  Drone  
  14  0:17  Overlord  
  14  0:42  Spawning Pool  
  13  0:43  Drone x2  
  13  0:45  Drone  
  13  0:49  Extractor  
  15  0:54  Drone  
  17  1:22  Drone x2, Hatchery  
  18  1:29  Extractor  
  18  1:30  Drone  
  18  1:39  Drone  
  19  1:40  Queen  
  21  1:51  Zergling x2  
  22  2:01  Overlord  
  22  2:20  Zergling x2  
  22  2:21  Roach Warren  
  22  2:34  Lair  
  22  2:39  Drone x3  
  25  2:49  Zergling x2  
  25  2:50  Zergling x2  
  27  3:09  Drone x4  
  27  3:12  Extractor  
  30  3:14  Extractor  
  30  3:16  Drone  
  30  3:17  Extractor  
  29  3:30  Roach x3  
  35  3:39  Overlord  
  35  3:44  Overlord  
  35  3:46  Glial Reconstitution  
  35  3:52  Drone  
  36  3:59  Drone  
  37  4:23  Drone x6  
  43  4:28  Queen  
  45  4:32  Metabolic Boost  
  45  5:14  Roach  
  45  5:15  Roach x2  
  45  5:17  Overlord x4  
  45  5:18  Overlord x3  
  51  5:40  Extractor, Hatchery  
  49  5:43  Extractor  
  49  5:49  Overseer  
  48  6:00  Zergling x2  
  48  6:01  Baneling Nest, Zergling x10  
  53  6:05  Spore Crawler  
  53  6:08  Spore Crawler  
  51  6:12  Drone  
  51  6:14  Drone  
  53  6:42  Overseer  
  53  6:43  Zergling x2  
  53  6:44  Zergling x10  
  59  6:51  Roach  
  43  7:35  Overseer  
  33  7:38  Roach x10  
  51  8:00  Roach  
  51  8:01  Roach x4  
  59  8:17  Ravager  
  60  8:24  Roach x7  
  76  8:48  Roach  
  76  8:49  Roach x4  
  84  9:12  Drone  
  84  9:13  Drone x6  
  91  9:17  Drone x6  
  91  9:23  Roach  
  77  9:52  Roach  
  57  9:53  Roach x7  
Tags
 
Add a new tag
Caveats
  • Supply blocks, unpowered buildings, or Contaminate may cause inaccurate times.
  • Supply counts are checked every 10 seconds.